AoeStats
← MattAtArms

Arabia

518084055Analyzed
1v1 RM · 3d ago on Nov 1, 2026· 18m 15s· 2 players
Game mode
Random Map
Map size
Tiny (2 player)
Population
200
Speed
Normal
Resources
Standard
Victory
Conquest
Starting age
Dark Age
Ending age
Imperial Age
RankedLock teamsTeams togetherTeam positionsShared explorationLock speedFull tech treeHidden civsTurbo modeCheats
Victory
Defeat
🇧🇷 Ethiopians · Brazil
1952
+16
vs
🇬🇧 Bohemians · United Kingdom
1949
-16
MattAtArms
8:02 Loom
8:48 Loom
11:33 Feudal Age
11:50 Man-at-Arms
12:16 Double-Bit Axe
14:01 Town Watch
17:51 Fletching
18:07 Padded Archer Armor
p4rtY3oY
6:25 Loom
9:24 Feudal Age
10:30 Man-at-Arms
18:09 Wheelbarrow
17:37 Fletching
17:56 Double-Bit Axe
Connection lost

Rejoining the realm…

Still unreachable

The connection could not be restored.

Session expired

The server has moved on; the page needs a fresh start.